Map: Habitation Station LE (Void)

Players

Elazer - Winner!

  • Race: Zerg Zerg
  • League: Grandmaster
  • Spawn Location: 1:00

Scarlett

  • Race: Zerg Zerg
  • Spawn Location: 11:00

Event: NationWars IV

VOD

Have the link to the VOD?

Description

Time

  • Played on: Jan. 21, 2017, 10:17 a.m.
  • Length: 3:42

All games in this series

Show
View Real Time Build Order
Export as new Build Order

Elazer Zerg - Winner!

Build Orders: Pool First 

Get SALT Encoding   

  12  0:00  Drone  
  13  0:12  Overlord  
  13  0:16  Drone  
  14  0:30  Drone  
  14  0:31  Drone  
  14  0:34  Drone  
  17  0:45  Extractor, Drone  
  17  0:49  Spawning Pool  
  16  0:56  Drone  
  17  1:11  Drone  
  18  1:18  Hatchery  
  18  1:21  Drone  
  18  1:35  Queen  
  18  1:36  Zergling x2  
  21  1:44  Metabolic Boost  
  21  1:50  Overlord  
  22  1:54  Drone  
  22  2:09  Drone  
  22  2:13  Baneling Nest  
  22  2:14  Zergling x2  
  23  2:22  Zergling x2  
  24  2:30  Queen  
  24  2:32  Zergling x2  
  27  2:39  Zergling x2  
  28  2:44  Zergling x2  
  28  2:45  Zergling x6  
  32  2:52  Overlord  
  32  2:55  Drone  
  33  2:59  Baneling  
  33  3:00  Drone  
  33  3:01  Baneling  
  33  3:03  Drone  
  35  3:08  Drone  
  36  3:17  Overlord  
  36  3:19  Drone x3  
  38  3:25  Drone x2  
Show
View Real Time Build Order
Export as new Build Order

Scarlett Zerg 

Build Orders: Pool First 

Get SALT Encoding   

  12  0:01  Drone  
  13  0:13  Overlord  
  13  0:17  Drone  
  14  0:31  Drone x2  
  16  0:36  Drone  
  17  0:45  Spawning Pool  
  17  0:47  Drone  
  17  1:07  Hatchery  
  17  1:11  Drone  
  17  1:12  Extractor  
  17  1:16  Drone  
  18  1:25  Drone  
  18  1:31  Queen  
  21  1:32  Zergling x2  
  21  1:40  Drone  
  22  1:52  Overlord  
  22  2:10  Queen  
  22  2:13  Drone x2  
  26  2:20  Queen  
  26  2:22  Drone  
  29  2:28  Drone  
  30  2:33  Drone  
  30  2:34  Drone  
  32  2:39  Drone  
  32  2:41  Drone x3  
  36  2:51  Overlord  
  36  2:57  Evolution Chamber  
  35  3:03  Roach Warren  
  34  3:09  Drone  
  34  3:10  Spine Crawler  
  34  3:19  Zergling x2  
  33  3:20  Zergling x6  
  33  3:23  Zergling x2  
Tags
 
Add a new tag
Caveats
  • Supply blocks, unpowered buildings, or Contaminate may cause inaccurate times.
  • Supply counts are checked every 10 seconds.